 Dungeon Crawl Stone Soup version 0.21-a0-37-g7dc85f4 (webtiles) character file.

34729 HAL9000 the Grappler (level 13, -5/102 HPs)
             Began as a Yellow Draconian Transmuter on May 27, 2017.
             Was a High Priest of Kikubaaqudgha.
             Killed from afar by a rime drake (15 damage)
             ... with a flash freeze
             ... on level 5 of the Lair of Beasts on May 28, 2017.
             The game lasted 01:17:26 (21107 turns).

HAL9000 the Grappler (Yellow Draconian Transmuter) Turns: 21107, Time: 01:17:27

Health: -5/102     AC: 16    Str: 14    XL:     13   Next: 43%
Magic:  8/26       EV: 20    Int: 16    God:    Kikubaaqudgha [*****.]
Gold:   969        SH:  5    Dex: 13    Spells: 5/30 levels left

rFire    . . .     SeeInvis .     - Unarmed
rCold    . . .     Gourm    .   h - +0 buckler
rNeg     . . .     Faith    +   (armour unavailable)
rPois    .         Spirit   .   t - +2 hat {MR+}
rElec    .         Reflect  .   J - +1 cloak
rCorr    +         Harm     .   m - +0 pair of gloves
MR       +....                  y - +2 pair of boots
Stlth    +.........             n - amulet of faith
Regen    1.3/turn               k - +3 ring of evasion
MPRegen  0.2/turn               N - +3 ring of evasion

@: about to teleport, regenerating
A: spit acid, acid resistance, unfitting armour, cold-blooded, AC +8
a: Breathe Acid, Receive Corpses, Torment, Renounce Religion


You were on level 5 of the Lair of Beasts.
You worshipped Kikubaaqudgha.
Kikubaaqudgha was extremely pleased with you.
You were not hungry.

You visited 3 branches of the dungeon, and saw 18 of its levels.
You also visited: Volcano.

You collected 969 gold pieces.

Inventory:

Missiles
 a - 240 arrows (quivered)
Armour
 h - a +0 buckler (worn)
 m - a +0 pair of gloves (worn)
 t - a +2 hat of magic resistance (worn)
 y - a +2 pair of boots (worn)
 J - a +1 cloak (worn)
Jewellery
 k - a +3 ring of evasion (left hand)
 n - an amulet of faith (around neck)
 M - an uncursed ring of see invisible
 N - a +3 ring of evasion (right hand)
 X - an uncursed amulet of rage
Wands
 r - a wand of confusion (17/48)
 z - a wand of paralysis (18/24)
 C - a wand of confusion (32/48)
 E - a wand of disintegration (13/24)
 F - a wand of iceblast (15/15)
 G - a wand of lightning (3/15)
 P - a wand of lightning (3/15)
 V - a wand of iceblast (4/15)
 Y - a wand of lightning (6/15)
Scrolls
 e - a scroll of identify
 i - 3 scrolls of recharging
 p - a scroll of amnesia
 q - 2 scrolls of magic mapping
 u - a scroll of blinking {unknown}
 A - 2 scrolls of teleportation
 B - 3 scrolls of remove curse
 H - a scroll of holy word {unknown}
 K - 2 scrolls of immolation {unknown}
 R - 2 scrolls of enchant armour
 U - a scroll of fog {unknown}
 W - a scroll of fear {unknown}
 Z - 3 scrolls of enchant weapon {unknown}
Potions
 v - 2 potions of flight
 D - 2 potions of resistance
 I - 3 potions of invisibility
 L - a potion of agility
 O - 2 potions of berserk rage
Books
 b - a book of Changes

   Spells                             Type                      Level
   a - Beastly Appendage              Transmutation                1
   b - Sticks to Snakes               Transmutation                2
   c - Spider Form                    Transmutation/Poison         3
   d - Ice Form                       Ice/Transmutation            4
   e - Blade Hands                    Transmutation                5
 o - a book of Maledictions

   Spells                             Type                      Level
   a - Corona                         Hexes                        1
   b - Ensorcelled Hibernation        Hexes/Ice                    2
   c - Confuse                        Hexes                        3
   d - Tukima's Dance                 Hexes                        3
   e - Dazzling Spray                 Conjuration/Hexes            3
 w - Kikubaaqudgha's Catalogue of Black Magic {god gift}
   (Kikubaaqudgha gifted it to you on level 4 of the Dungeon)

   Spells                             Type                      Level
   a - Animate Skeleton               Necromancy                   1
   b - Corpse Rot                     Necromancy                   2
   c - Sublimation of Blood           Necromancy                   2
   d - Regeneration                   Charms/Necromancy            3
   e - Control Undead                 Necromancy                   4
 Q - Kikubaaqudgha's Compendium of Necromancy {god gift}
   (Kikubaaqudgha gifted it to you on level 8 of the Dungeon)

   Spells                             Type                      Level
   a - Animate Dead                   Necromancy                   4
   b - Excruciating Wounds            Charms/Necromancy            5
   c - Agony                          Necromancy                   5
   d - Dispel Undead                  Necromancy                   5
   e - Simulacrum                     Ice/Necromancy               6
Comestibles
 c - 9 bread rations
 s - 9 royal jellies
 S - 31 fruits
 T - 2 meat rations


   Skills:
 + Level 5.6 Fighting
 + Level 5.0 Dodging
 - Level 4.2 Shields
 + Level 11.6 Unarmed Combat
 - Level 9.4 Spellcasting
 + Level 6.1 Charms
 * Level 10.6 Necromancy
 - Level 9.8 Transmutations


You had 5 spell levels left.
You knew the following spells:

 Your Spells              Type           Power        Failure   Level  Hunger
a - Beastly Appendage     Tmut           #####.       1%          1    None
b - Sticks to Snakes      Tmut           #####...     1%          2    None
c - Spider Form           Tmut/Pois      ###.......   3%          3    None
d - Blade Hands           Tmut           #####.....   4%          5    #####..
e - Animate Dead          Necr           N/A          1%          4    ###....
f - Sublimation of Blood  Necr           #####.....   1%          2    None
u - Dispel Undead         Necr           #####...     3%          5    #####..
R - Regeneration          Chrm/Necr      ####......   1%          3    None


Dungeon Overview and Level Annotations

Branches:
Dungeon (12/15)            Temple (1/1) D:4            Lair (5/6) D:9
 Shoals (0/4) Lair:4        Snake (0/4) Lair:3          Orc (0/2) D:12
  Slime: Lair:5-6

Altars:
Ashenzari
Cheibriados
Dithmenos
Elyvilon
Fedhas
Gozag
Hepliaklqana
Kikubaaqudgha
Makhleb
Nemelex Xobeh
Okawaru
Qazlal
Ru
Sif Muna
Trog
Uskayaw
Vehumet
Wu Jian
Xom
Yredelemnul
Zin
The Shining One
Lugonu

Shops:
D:8 [   D:12 %[(

Annotations:
D:9 2 transporters


Innate Abilities, Weirdness & Mutations

You can spit globs of acid.
You are resistant to acid.
Your golden yellow scales are hard. (AC +8)
You cannot fit into any form of body armour.
You are cold-blooded and may be slowed by cold attacks.


Message History

You eat one of the 33 fruits.
You are feeling hungry.
Mmm - a full handful of almonds!
You eat one of the 32 fruits.
That orange was delicious!
Even the peel tasted good!
You start resting.
A rime drake is nearby!
Unknown command.
Casting: Blade Hands
Confirm with . or Enter, or press ? or * to list all spells.
Your skin crawls.
The rime drake hisses angrily.
Unknown command.
As you read the scroll of teleportation, it crumbles to dust.
You feel strangely unstable.
The wyvern hisses angrily.
The rime drake breathes ice at you. The flash freeze hits you!
You die...
Kikubaaqudgha rasps: "You have failed me!
Welcome... death!" l.lH.

H.#.. ...
#.< ##.k.
#.. ##.....
#.. #.....
... ###....#
#...
..#...####
##.....##@##
#......#...#
###...##..##
##..##k..#
#...#l..##
##......##
###.....###
#.......#
#P.....##


You could see a rime drake and a wyvern.

Vanquished Creatures
  Gastronok (Lair:2)
  Kirke (Lair:4)
  Snorg (Lair:3)
  Fannar (Lair:1)
  3 hydras
  2 two-headed ogres
  Nergalle (Lair:2)
  A skeletal warrior (Volcano)
  5 elephants (Lair:3)
  A black mamba (Lair:3)
  3 gargoyles
  3 spiny frogs
  A centaur skeleton (D:12)
  2 rime drakes
  3 trolls
  Prince Ribbit (D:9)
  A harpy skeleton (Volcano)
  A blink frog (Lair:1)
  A snapping turtle (Lair:4)
  2 slime creatures (D:12)
  4 hippogriffs
  3 flying skulls (Volcano)
  An alligator skeleton (Volcano)
  A wraith (D:12)
  24 yaks
  2 basilisks (Lair:4)
  4 wyverns
  2 hungry ghosts (D:11)
  2 hogs (Lair:4)
  7 vampire mosquitoes (D:12)
  10 porcupines
  7 water moccasins
  2 ice beasts
  A hornet zombie (D:10)
  6 orc warriors
  2 sky beasts
  An eye of draining (D:8)
  2 black bears (D:9)
  2 phantoms
  7 ogres
  2 necrophages
  2 wolves (Lair:3)
  11 centaurs
  7 crocodiles
  2 big kobolds
  14 bullfrogs
  2 wyvern zombies
  4 scorpions
  11 killer bees
  7 wights (D:9)
  A howler monkey (D:5)
  2 spriggan skeletons (Volcano)
  4 electric eels
  A bullfrog zombie (D:6)
  6 crimson imps
  6 hounds
  2 quasits
  2 centaur zombies
  A jelly (D:5)
  A gnoll shaman (D:5)
  10 orc priests
  A bullfrog skeleton (D:5)
  4 iguanas
  13 worker ants
  13 orc wizards
  A hound zombie (D:6)
  A hound skeleton (D:7)
  Robin (D:4)
  A howler monkey skeleton (D:7)
  11 gnolls
  19 adders
  2 shadow imps
  2 oozes
  2 adder zombies
  A worm (D:3)
  A dart slug (D:4)
  7 leopard geckos
  53 orcs
  3 bats
  2 giant cockroaches
  14 goblins
  7 hobgoblins
  7 jackals
  3 quokkas
  2 ball pythons
  5 frilled lizards
  11 kobolds
  4 rats
  A butterfly (Lair:3)
415 creatures vanquished.

Vanquished Creatures (collateral kills)
  Rupert (Lair:4)
  A hydra (Lair:2)
  An anaconda skeleton (Volcano)
  A lindwurm (Lair:3)
  3 slime creatures (D:12)
  5 yaks
  A water moccasin (Lair:2)
  A wolf (Lair:3)
  4 bullfrogs
  A killer bee (D:8)
  A wight (D:9)
  A crimson imp (D:8)
  2 orc priests
  An adder (D:8)
  2 gnolls
  4 orcs
  2 goblins (D:4)
  A hobgoblin (D:2)
  A bat (D:2)
  2 fungi
  A plant (D:9)
37 creatures vanquished.

Vanquished Creatures (others)
  An ogre (D:8)
  A centaur (D:8)
  A bullfrog (D:8)
  An orc wizard (D:7)
  A hound skeleton (D:8)
  An adder (D:8)
  A gnoll (D:8)
  2 orcs (D:8)
  7 fungi
  5 plants
21 creatures vanquished.

Grand Total: 473 creatures vanquished

Notes
Turn   | Place    | Note
-------+----------+-------------------------------------------
     0 | D:1      | HAL9000 the Draconian Transmuter began the quest for the Orb.
     0 | D:1      | Reached XP level 1. HP: 16/16 MP: 3/3
   107 | D:1      | Reached XP level 2. HP: 16/23 MP: 3/5
   116 | D:1      | Learned a level 2 spell: Sticks to Snakes
   814 | D:1      | Reached skill level 4 in Unarmed Combat
   814 | D:1      | Reached XP level 3. HP: 16/29 MP: 2/6
  1198 | D:2      | Reached XP level 4. HP: 37/37 MP: 4/7
  1227 | D:2      | Reached skill level 1 in Shields
  1261 | D:2      | Found an iron altar of Okawaru.
  1477 | D:3      | Noticed an ogre
  1492 | D:3      | Killed an ogre
  1492 | D:3      | Reached skill level 5 in Unarmed Combat
  1492 | D:3      | Reached XP level 5. HP: 44/44 MP: 1/8
  2401 | D:3      | Reached XP level 6. HP: 46/51 MP: 6/9
  2418 | D:3      | Found a burning altar of Makhleb.
  2984 | D:4      | Found a staircase to the Ecumenical Temple.
  3046 | Temple   | Entered the Ecumenical Temple
  3157 | Temple   | Became a worshipper of Kikubaaqudgha
  3377 | D:4      | Reached skill level 6 in Unarmed Combat
  3403 | D:4      | Found a shattered altar of Ashenzari.
  3477 | D:4      | Noticed Robin
  3510 | D:4      | Your scales start taking on a golden yellow colour.
  3510 | D:4      | Reached XP level 7. HP: 47/59 MP: 5/10
  3524 | D:4      | Killed Robin
  4172 | D:4      | Learned a level 3 spell: Spider Form
  4206 | D:4      | Reached * piety under Kikubaaqudgha
  4206 | D:4      | Identified Kikubaaqudgha's Catalogue of Black Magic {god gift} (Kikubaaqudgha gifted it to you on level 4 of the Dungeon)
  4206 | D:4      | Received a gift from Kikubaaqudgha
  4299 | D:5      | Entered Level 5 of the Dungeon
  4457 | D:5      | Reached skill level 7 in Unarmed Combat
  4696 | D:5      | Reached skill level 5 in Fighting
  4696 | D:5      | Reached XP level 8. HP: 68/68 MP: 8/11
  5105 | D:5      | Learned a level 5 spell: Blade Hands
  5407 | D:6      | Reached skill level 1 in Necromancy
  5891 | D:6      | Reached ** piety under Kikubaaqudgha
  6021 | D:7      | Reached skill level 8 in Unarmed Combat
  6128 | D:7      | Found a blossoming altar of Fedhas.
  6214 | D:7      | Learned a level 1 spell: Animate Skeleton
  6609 | D:7      | Reached XP level 9. HP: 57/74 MP: 13/13
  7013 | D:7      | Reached skill level 5 in Transmutations
  7604 | D:7      | Learned a level 3 spell: Regeneration
  8621 | D:8      | Found a shimmering altar of Xom.
  8623 | D:8      | Upgraded the game from 0.21-a0-33-g8b44e26 to 0.21-a0-37-g7dc85f4
  8780 | D:8      | Found Wogiusez's Armour Shoppe.
  9069 | D:8      | Found a basalt altar of Yredelemnul.
  9124 | D:8      | Reached *** piety under Kikubaaqudgha
  9124 | D:8      | Identified Kikubaaqudgha's Compendium of Necromancy {god gift} (Kikubaaqudgha gifted it to you on level 8 of the Dungeon)
  9124 | D:8      | Received a gift from Kikubaaqudgha
  9436 | D:8      | Reached skill level 9 in Unarmed Combat
 10029 | D:8      | Found a bloodstained altar of Trog.
 10201 | D:8      | Reached XP level 10. HP: 57/81 MP: 6/16
 10752 | D:9      | Noticed Prince Ribbit
 10761 | D:9      | Killed Prince Ribbit
 10761 | D:9      | Reached skill level 5 in Spellcasting
 10782 | D:9      | Reached skill level 5 in Necromancy
 10816 | D:9      | Found an ornate altar of the Wu Jian Council.
 10924 | D:9      | Reached **** piety under Kikubaaqudgha
 11077 | D:9      | Found a snail-covered altar of Cheibriados.
 11078 | D:9      | Found a glowing golden altar of the Shining One.
 11078 | D:9      | Noticed a fire dragon
 11079 | D:9      | Found a white marble altar of Elyvilon.
 11081 | D:9      | Found a hazy altar of Hepliaklqana.
 11088 | D:9      | Found a hide-covered altar of Uskayaw.
 11090 | D:9      | Found a transporter.
 11102 | D:9      | Found a transporter.
 11146 | D:9      | Found a staircase to the Lair.
 11424 | D:9      | Found a deep blue altar of Sif Muna.
 11601 | Lair:1   | Entered Level 1 of the Lair of Beasts
 11891 | Lair:1   | Noticed Fannar
 11903 | Lair:1   | Killed Fannar
 11903 | Lair:1   | Reached skill level 1 in Charms
 12036 | Lair:1   | Noticed a seven-headed hydra
 12286 | Lair:1   | Reached skill level 10 in Unarmed Combat
 12286 | Lair:1   | Reached XP level 11. HP: 82/88 MP: 6/19
 12577 | Lair:1   | Learned a level 5 spell: Dispel Undead
 12580 | Lair:1   | Learned a level 2 spell: Sublimation of Blood
 12641 | Lair:2   | Noticed a four-headed hydra
 12646 | Lair:2   | Noticed Gastronok
 13775 | D:10     | Entered Level 10 of the Dungeon
 14442 | D:10     | Noticed a two-headed ogre
 14467 | D:10     | Killed a two-headed ogre
 15714 | D:11     | Reached ***** piety under Kikubaaqudgha
 16129 | D:12     | Noticed a two-headed ogre
 16136 | D:12     | Killed a two-headed ogre
 16268 | D:12     | Reached XP level 12. HP: 66/94 MP: 13/22
 16373 | D:12     | Learned a level 4 spell: Animate Dead
 16521 | D:12     | Found Notuwkir's Food Shop.
 16656 | D:12     | Found Xaoxixis's Weapon Shoppe.
 16656 | D:12     | Found a staircase to the Orcish Mines.
 16874 | D:12     | Found Muboischu's Armour Boutique.
 16952 | D:12     | Reached skill level 11 in Unarmed Combat
 17408 | Lair:2   | Killed Gastronok
 17502 | Lair:2   | Killed a seven-headed hydra
 17556 | Lair:2   | Noticed Nergalle
 17573 | Lair:2   | Killed Nergalle
 17674 | Lair:2   | Killed a four-headed hydra
 17674 | Lair:2   | Reached skill level 5 in Charms
 18307 | Lair:3   | Noticed Snorg
 18319 | Lair:3   | Killed Snorg
 18658 | Lair:3   | Noticed a seven-headed hydra
 18675 | Lair:3   | Killed a seven-headed hydra
 18957 | Lair:3   | Found a staircase to the Snake Pit.
 19192 | Lair:3   | Reached XP level 13. HP: 100/100 MP: 19/26
 19513 | Lair:4   | Noticed Rupert
 19527 | Lair:4   | Killed Rupert
 19527 | Lair:4   | Reached skill level 10 in Necromancy
 19744 | Lair:4   | Noticed Kirke
 19766 | Lair:4   | Killed Kirke
 19937 | Lair:4   | Found a staircase to the Shoals.
 20938 | Lair:5   | Found a dark tunnel.
 20966 | Volcano  | Entered a volcano
 20989 | Volcano  | Reached skill level 5 in Dodging
 21095 | Volcano  | HP: 4/102 [something (22)]
 21107 | Lair:5   | Killed from afar by a rime drake

Vault maps used:
D:1:      nicolae_arrival_memento_mori
D:2:      first_bread, okawaru_trees_2
D:3:      cheibrodos_thug_alley, marbit_many_paths
D:4:      lemuel_coloured_pillars_altar, minmay_temple_entry_fiery, uniq_robin
D:6:      minmay_misc_feat_alley
D:7:      old_standard_altar
D:8:      xom_confusion_cloud, kennysheep_mini_moat, basic_altar, serial_shops,
          nicolae_shop_waterfront, blue_anna_alchemist, corexii_corridor_pit
D:9:      old_standard_altar, gammafunk_temple_overflow_arena,
          grunt_lair_entry_orc_guard_hut, basic_altar, uniq_prince_ribbit1
D:12:     orc_david_3, serial_shops, nicolae_shop_behind_doors, shop,
          kennysheep_mini, kennysheep_crisscross, nicolae_twisting_strands,
          minmay_rotating_lava
Temple:   kb_corrupted_temple
Lair:1:   st_stairs_11, infiniplex_staircase_pool, uniq_fannar
Lair:2:   grunt_megastairs_5, lemuel_fruit_tree, uniq_gastronok, uniq_nergalle
Lair:3:   dummy_snake_entry, lemuel_fruit_fields, lemuel_fruit_fields,
          uniq_snorg
Lair:4:   minmay_shoals_entry_hut, serial_bayou_shore_a, uniq_kirke, uniq_rupert
Lair:5:   onia_ninara_swampy_vault, enter_volcano_2, special_room
Volcano:  volcano_tomb

Skill      XL: |  1  2  3  4  5  6  7  8  9 10 11 12 13 |
---------------+----------------------------------------+-----
Fighting       | 2 3 4 5 |  5.6
Unarmed Combat | 4 5 6 7 8 9 10 11 | 11.6
Shields        | 1 2 3 4 |  4.2
Transmutations | 4 7 9 |  9.8
Necromancy     | 2 4 5 7 9 10 | 10.6
Spellcasting   | 3 4 5 7 9 |  9.4
Charms         | 1 3 5 6 |  6.1
Dodging        | 2 4 5 |  5.0

Action                   |  1- 3 |  4- 6 |  7- 9 | 10-12 | 13-15 || total
-------------------------+-------+-------+-------+-------+-------++-------
Melee: Unarmed           |    66 |   221 |   675 |   758 |   137 ||  1857
       Tailslap          |     8 |    21 |    68 |   100 |    20 ||   217
       Headbutt          |     4 |     6 |    15 |     3 |     1 ||    29
       Kick              |     1 |    10 |       |       |       ||    11
       Punch             |       |       |       |    15 |     1 ||    16
 Cast: Beastly Appendage |    12 |    27 |    13 |     3 |     1 ||    56
       Sticks to Snakes  |     6 |     8 |    19 |    58 |    27 ||   118
       Spider Form       |       |       |     8 |       |       ||     8
       Animate Skeleton  |       |       |     8 |    25 |       ||    33
       Blade Hands       |       |       |     1 |    43 |    15 ||    59
       Regeneration      |       |       |       |    28 |    10 ||    38
       Animate Dead      |       |       |       |    10 |     5 ||    15
       Sublimation of Bl |       |       |       |     2 |     2 ||     4
Invok: Receive Corpses   |       |       |     2 |     6 |     1 ||     9
       Torment           |       |       |       |     1 |       ||     1
 Abil: Breathe Acid      |       |       |     8 |     6 |     1 ||    15
       End Transformatio |       |       |       |    11 |    11 ||    22
  Use: Scroll            |       |     4 |    14 |     6 |     3 ||    27
       Potion            |       |       |     4 |     2 |     1 ||     7
 Stab: Distracted        |       |       |     2 |     4 |     3 ||     9
  Eat: Chunk             |     2 |     9 |    19 |    41 |     8 ||    79
       Fruit             |       |       |     2 |     9 |     5 ||    16
       Meat ration       |       |       |     1 |       |       ||     1
       Royal jelly       |       |       |       |     1 |       ||     1
Armor: Skin              |    22 |    46 |   153 |   226 |    39 ||   486
Dodge: Dodged            |    68 |   179 |   542 |   678 |   119 ||  1586
Block: Buckler           |       |    45 |   139 |   116 |     5 ||   305
